 Dungeon Crawl Stone Soup version 0.31.0-32-g396128a36d (webtiles) character file.

Game seed: 4212887209280311932

43 PriceMaster the Conjurer (level 3, -2/16 HPs)
             Began as a Vine Stalker Conjurer on Mar 24, 2024.
             Slain by Terence
             ... wielding a +0 flail
              (9 damage)
             ... on level 2 of the Dungeon.
             The game lasted 00:01:24 (1306 turns).

PriceMaster the Conjurer (Vine Stalker Conjurer)    Turns: 1306, Time: 00:01:25

Health: -2/16      AC:  2    Str:  9    XL:     3   Next: 58%
Magic:  0/8        EV: 12    Int: 20    God:
Gold:   106        SH:  0    Dex: 12    Spells: 6/7 levels left

rFire   . . .        h - +0 rapier
rCold   . . .        (no shield)
rNeg    . . .        a - +0 robe
rPois   .            (no helmet)
rElec   .            (no cloak)
rCorr   .            (no gloves)
SInv    .            (no boots)
Will    .....        (no amulet)
Stlth   ++           (no ring)
HPRegen 1.02/turn    (no ring)
MPRegen 0.11/turn

%: guardian spirit
@: no status effects
A: fangs 2, regeneration 1, magic shield, antimagic bite, no potion heal 2
a: no special abilities


You were on level 2 of the Dungeon.
You visited 1 branch of the dungeon, and saw 2 of its levels.

You collected 106 gold pieces.

Inventory:

Hand Weapons
 h - a +0 rapier (weapon)
Armour
 a - a +0 robe (worn)
Scrolls
 e - a scroll of fog {unknown}
 f - a scroll of revelation {unknown}
 g - a scroll of enchant armour {unknown}
Potions
 b - a potion of magic
 c - a potion of haste {unknown}
 d - a potion of mutation {unknown}


   Skills:
 + Level 0.1 Fighting
 + Level 1.5 Dodging
 * Level 2.7 Stealth
 * Level 2.7 Spellcasting
 * Level 4.8 Conjurations


You had 6 spell levels left.
You knew the following spells:

 Your Spells              Type           Power      Damage    Failure   Level
a - Magic Dart            Conj           88%        1d7       1%          1

Your spell library contained the following spells:

 Spells                   Type           Power      Damage    Failure   Level
 Searing Ray              Conj           44%        2d6       3%          2
 Fulminant Prism          Conj/Alch      6%         3d7       47%         4
 Iskenderun's Mystic Bla  Conj/Tloc      12%        2d5       47%         4


Dungeon Overview and Level Annotations

Branches:
Dungeon (2/15)

Altars:

Annotations:
D:2 Terence


Innate Abilities, Weirdness & Mutations

You have extremely sharp teeth.
Your natural rate of healing is unusually fast.
When hurt, damage is shared between your health and your magic reserves.
Your bite disrupts and absorbs the magic of your enemies.
Potions cannot restore your health.


Message History

Terence hits you with a +0 flail. Terence barely misses you.
You closely miss Terence. Your bite misses Terence.
Terence is moderately wounded.
Terence barely misses you.
You hit Terence. You bite Terence, but do no damage.
Terence is heavily wounded.
Terence misses you.
You hit Terence. You bite Terence, but do no damage.
Terence is heavily wounded.
Terence hits you with a +0 flail!
You barely miss Terence.
Terence is heavily wounded.
Terence hits you with a +0 flail!
* * * LOW HITPOINT WARNING * * *
You are too injured to fight recklessly!
You are too injured to fight recklessly!
You are too injured to fight recklessly!
You are too injured to fight recklessly!
You are too injured to fight recklessly!
Okay, then.
Casting: Magic Dart (safe; 1% risk of failure)
Confirm with . or Enter, or press ? or * to list all spells.
Aiming: Magic Dart (safe; 1% risk of failure)
Press: ? - help, Shift-Dir - straight line, f/p - Terence
Aim: Terence, wielding a +0 flail and wearing a +0 scale mail (heavily wounded, 100% to hit)
The magic dart hits Terence.
Terence is severely wounded.
Terence misses you.
Casting: Magic Dart (safe; 1% risk of failure)
Confirm with . or Enter, or press ? or * to list all spells.
Aiming: Magic Dart (safe; 1% risk of failure)
Press: ? - help, Shift-Dir - straight line, f/p - Terence
Aim: Terence, wielding a +0 flail and wearing a +0 scale mail (severely wounded, 100% to hit)
The magic dart hits Terence.
Terence is almost dead.
Terence barely misses you. Terence hits you with a +0 flail!
Ouch! That really hurt!
You die...
Terence says, "Rest in peace."

#####
....##############
###.#............#
#.#.##########.#
#.#.# #.# #.#.# #.#
###.#.##########@##
................@.#
###†..##########..#
.....# #..# #.....#
#.#. #.....# .###.
#.....# ## ##
#...... ###.....


You could see Terence.

Vanquished Creatures
  An adder (D:2)
  An endoplasm (D:1)
  3 giant cockroaches (D:1)
  3 goblins
  4 hobgoblins
  4 kobolds
  2 quokkas (D:1)
  3 ball pythons (D:1)
  A bat (D:1)
  4 frilled lizards (D:1)
  7 rats
33 creatures vanquished.

Notes
Turn   | Place    | Note
-------+----------+-------------------------------------------
     0 | D:1      | PriceMaster the Vine Stalker Conjurer began the quest for
                  | the Orb.
     0 | D:1      | Reached XP level 1. HP: 9/9 MP: 4/4
   272 | D:1      | Reached XP level 2. HP: 13/13 MP: 3/6
   311 | D:1      | Found a faded altar of an unknown god.
   705 | D:1      | Reached XP level 3. HP: 16/16 MP: 0/7
  1294 | D:2      | Noticed Terence
  1306 | D:2      | Slain by Terence

Illustrated notes

Levels and vault maps discovered:
D:1:      mrwooster_arrival_statue_3, layout_basic,
          shapermc_ecumenical_altar_venn, minmay_misc_feat_cross
D:2:      layout_loops_ring, nicolae_the_louvre, uniq_sigmund, uniq_terence

Action                     || total
---------------------------++-------
  Melee: Rapier            ||    17
         Bite              ||     4
         Punch             ||     1
   Cast: Magic Dart        ||    56
 Armour: Robe              ||    16
  Dodge: Dodged            ||    12
